 Dungeon Crawl Stone Soup version 0.30.0-20-g3615ddf2f0 (webtiles) character file.

Game seed: 3604109965370893369

61 qw the Chopper (level 4, -1/28 HPs)
             Began as a Gargoyle Fighter on May 27, 2023.
             Killed from afar by an orc wizard (5 damage)
             ... with a magic dart
             ... on level 3 of the Dungeon.
             The game lasted 00:00:50 (865 turns).

qw the Chopper (Gargoyle Fighter)                    Turns: 865, Time: 00:00:51

Health: -1/28      AC: 11    Str: 22    XL:     4   Next: 7%
Magic:  4/4        EV:  9    Int:  8    God:
Gold:   17         SH:  9    Dex:  9    Spells: 3/3 levels left

rFire   . . .        Y - +0 war axe
rCold   . . .        c - +0 buckler
rNeg    + . .        b - +0 scale mail
rPois   inf          (no helmet)
rElec   +            e - +0 cloak
rCorr   .            (no gloves)
SInv    .            (no boots)
Will    +....        h - amulet of reflection Stlth
                     j - ring of willpower
HPRegen 0.24/turn    (no ring)
MPRegen 0.09/turn

%: reflection
@: no status effects
A: sickness immunity, AC +3, negative energy resistance 1, electricity
resistance, torment resistance 1, petrification resistance
a: no special abilities


You were on level 3 of the Dungeon.
You visited 1 branch of the dungeon, and saw 3 of its levels.

You collected 66 gold pieces.
You spent 49 gold pieces at shops.


Innate Abilities, Weirdness & Mutations

You are immune to sickness and miasma.
Your stone body is resilient. (AC +3)
You are immune to poison.
You resist negative energy. (rN+)
You are resistant to electric shocks. (rElec)
You are resistant to unholy torment.
You are immune to petrification.


   Skills:
 - Level 3.2 Fighting
 + Level 3.7 Axes
 - Level 0.6 Throwing
 - Level 3.2 Armour
 - Level 3.2 Shields


You had 3 spell levels left.
You didn't know any spells.
Your spell library was empty.

Inventory:

Hand Weapons
 i - a +0 flail
 Y - a +0 war axe (weapon)
Armour
 b - a +0 scale mail (worn)
 c - a +0 buckler (worn)
 e - a +0 cloak (worn)
Jewellery
 h - an amulet of reflection (around neck)
 j - a ring of willpower (left hand)
Scrolls
 l - a scroll of teleportation {unknown}
Potions
 a - 2 potions of flight {unknown}
 d - a potion of might
 f - 2 potions of lignification {unknown}
 g - a potion of degeneration {unknown}
 k - a potion of attraction {unknown}

Dungeon Overview and Level Annotations

Branches:
Dungeon (2/15)

Altars:

Shops:
D:3 (


Message History

The adder bites you. Something hits you.
You closely miss the orc.
The orc is severely wounded.
You miss the adder. You closely miss something. You hit the orc priest.
The adder bites you but does no damage. You block the orc's attack.
The orc priest calls upon Beogh to heal the orc.
The orc's wounds heal themselves!
Something hits you. The adder bites you but does no damage.
You closely miss the adder.
The adder is severely wounded.
You hit the orc but do no damage. You closely miss something.
You barely miss the orc priest. You block the adder's attack.
The orc hits you with a +0 war axe. Something hits you but does no damage.
The orc priest hits you but does no damage.
The adder bites you but does no damage. You block the orc priest's attack.
Something hits you but does no damage. You block the orc's attack.
You barely miss the adder.
The adder is severely wounded.
You closely miss something. You barely miss the orc priest.
You hit the orc but do no damage. The adder bites you but does no damage.
You block the orc's attack. Something hits you but does no damage.
The orc priest barely misses you. The adder bites you.
You barely miss the adder.
The adder is severely wounded.
You closely miss something. You completely miss the orc priest.
You hit the orc. The orc hits you with a +0 war axe.
You block the orc priest's attack. Something hits you but does no damage.
The adder bites you but does no damage.
You barely miss the adder.
The adder is severely wounded.
You barely miss something. You barely miss the orc priest. You slash the orc!
You kill the orc!
The adder bites you but does no damage.
The orc priest begins to cast a cantrip, but forgets the words!
Something hits you but does no damage. The adder barely misses you.
You hear some strange, mumbled words.
A magic dart appears from out of thin air!
The magic dart hits you.
You die...

..# #.# (# ..####.####
### ..###.. ...... ...
..##.# #..# ##
...#.####..##
##..#.......>######
##..##...%)...).....
..###.So##........######
......{@)..#####..#
.....####.## #).# ...
#.# #.)....# # #.#
#.......# #.. ......#...
### ##.......##
#.......# ##.....#.#
......)(.


You could see an orc priest and an adder.

Vanquished Creatures
  2 dart slugs (D:1)
  5 orcs (D:3)
  6 endoplasms (D:1)
  4 giant cockroaches
  6 goblins
  6 hobgoblins
  2 kobolds (D:1)
  4 ball pythons
  7 bats
  5 frilled lizards
  A rat (D:1)
48 creatures vanquished.

Notes
Turn   | Place    | Note
-------+----------+-------------------------------------------
     0 | D:1      | qw the Gargoyle Fighter began the quest for the Orb.
     0 | D:1      | Reached XP level 1. HP: 14/14 MP: 1/1
     0 | D:1      | 0 ||| qw: Version: 0.2-a-99-gce666ed
     0 | D:1      | 0 ||| qw: Game counter: 173
     0 | D:1      | 0 ||| qw: Always use a shield: true
     0 | D:1      | 0 ||| qw: God list: Okawaru
     0 | D:1      | 0 ||| qw: Allow faded altars: false
     0 | D:1      | 0 ||| qw: Do Orc after D:15 true
     0 | D:1      | 0 ||| qw: Do second Lair branch before Depths: true
     0 | D:1      | 0 ||| qw: Lair rune preference: random
     0 | D:1      | 0 ||| qw: Plans: Normal, Zot:1-4, God:TSO, Crypt, Tomb,
                  | Pan, Slime:5, Hells, Abyss, Win
     0 | D:1      | 0 ||| PLANNING D:1-11
     5 | D:1      | Found a faded altar of an unknown god.
     8 | D:1      | 8 ||| Stepping ~*~*~tactically~*~*~ (stealth).
    21 | D:1      | 21 ||| FLEEEEING.
    74 | D:1      | Reached XP level 2. HP: 16/19 MP: 2/2
    77 | D:1      | 77 ||| FLEEEEING.
    78 | D:1      | 78 ||| FLEEEEING.
    79 | D:1      | 79 ||| FLEEEEING.
   163 | D:1      | Reached skill level 3 in Axes
   167 | D:1      | 167 ||| Stepping ~*~*~tactically~*~*~ (stealth).
   168 | D:1      | 168 ||| Stepping ~*~*~tactically~*~*~ (stealth).
   179 | D:1      | HP: 2/19 [frozen (5)]
   185 | D:1      | 185 ||| Stepping ~*~*~tactically~*~*~ (stealth).
   205 | D:1      | 205 ||| FLEEEEING.
   206 | D:1      | 206 ||| FLEEEEING.
   207 | D:1      | 207 ||| FLEEEEING.
   209 | D:1      | 209 ||| FLEEEEING.
   210 | D:1      | 210 ||| FLEEEEING.
   211 | D:1      | 211 ||| FLEEEEING.
   212 | D:1      | 212 ||| FLEEEEING.
   213 | D:1      | 213 ||| FLEEEEING.
   214 | D:1      | 214 ||| FLEEEEING.
   219 | D:1      | 219 ||| FLEEEEING.
   220 | D:1      | 220 ||| FLEEEEING.
   221 | D:1      | 221 ||| FLEEEEING.
   225 | D:1      | 225 ||| FLEEEEING.
   226 | D:1      | 226 ||| FLEEEEING.
   227 | D:1      | 227 ||| FLEEEEING.
   228 | D:1      | 228 ||| FLEEEEING.
   229 | D:1      | 229 ||| FLEEEEING.
   230 | D:1      | 230 ||| FLEEEEING.
   231 | D:1      | 231 ||| FLEEEEING.
   236 | D:1      | 236 ||| FLEEEEING.
   242 | D:1      | Reached XP level 3. HP: 19/23 MP: 3/3
   304 | D:1      | 304 ||| Stepping ~*~*~tactically~*~*~ (stealth).
   333 | D:1      | 333 ||| Stepping ~*~*~tactically~*~*~ (stealth).
   338 | D:1      | 338 ||| Stepping ~*~*~tactically~*~*~ (stealth).
   340 | D:1      | 340 ||| Stepping ~*~*~tactically~*~*~ (stealth).
   417 | D:1      | 417 ||| Stepping ~*~*~tactically~*~*~ (stealth).
   514 | D:1      | 514 ||| DROPPING +0 club.
   611 | D:1      | 611 ||| UPGRADING to +0 cloak.
   616 | D:1      | 616 ||| UPGRADING to amulet of reflection.
   621 | D:1      | 621 ||| UPGRADING to ring of willpower.
   622 | D:1      | 622 ||| READING scroll labelled RORRIT LUVI.
   623 | D:1      | 623 ||| READING scroll labelled KADIOC EBION.
   670 | D:2      | You fall into a shaft and drop 1 floor!
   733 | D:3      | Found Woppob's Weapon Emporium.
   744 | D:3      | 744 ||| BUYING +0 flail (49 gold).
   744 | D:3      | Bought a +0 flail for 49 gold pieces
   744 | D:3      | 744 ||| DROPPING +1 mace of protection.
   836 | D:3      | Reached XP level 4. HP: 27/28 MP: 4/4
   864 | D:3      | HP: 4/28 [orc/+0 war axe (5)]
   865 | D:3      | Killed from afar by an orc wizard

Levels and vault maps discovered:
D:1:      psy_arrival_whirlpool, layout_rooms,
          hellmonk_ecumenical_altar_pennies_from_heaven
D:2:      layout_loops_ring, wad_woods_river_04, minmay_misc_feat_alley,
          st_stairs_1, amcnicky_mini_pool_small, grunt_ministairs_3,
          minivault_25
D:3:      layout_loops_ring, mainiacjoe_overflow_cross_hatched, serial_shops,
          shop, minmay_cupped

Skill      XL: |  1  2 |
---------------+-------+-----
Axes           | 2 3 |  3.7
Fighting       | |  3.2
Throwing       | |  0.6
Armour         | |  3.2
Shields        | |  3.2

Action                     |  1- 3 |  4- 6 || total
---------------------------+-------+-------++-------
  Melee: War axe           |   110 |    13 ||   123
  Throw: Javelin           |     3 |     1 ||     4
    Use: Scroll            |     2 |       ||     2
 Armour: Scale mail        |    52 |    19 ||    71
  Dodge: Dodged            |    39 |     9 ||    48
  Block: Buckler           |    24 |    13 ||    37

Table legend:
 A = Non-vault XP
 B = Vault XP
 C = Vault XP percentage of total XP
 D = Non-vault monster count
 E = Vault monster count
 F = Vault count percentage of total count
                 A         B        C        D         E       F
            +---------+---------+-------+---------+---------+-------
      Total |      88 |       3 |   3.3 |      46 |       2 |   4.2
            +---------+---------+-------+---------+---------+-------
        D:1 |      56 |       0 |   0.0 |      32 |       0 |   0.0
        D:2 |       3 |       0 |   0.0 |       2 |       0 |   0.0
        D:3 |      29 |       3 |   9.4 |      12 |       2 |  14.3
            +---------+---------+-------+---------+---------+-------
